 Dungeon Crawl Stone Soup version 0.29.1-1-gd02db6906a (webtiles) character file.

Game seed: 11389205247237874905

37 MisterFreud the Twirler (level 3, -2/27 HPs)
             Began as a Formicid Gladiator on Oct 9, 2022.
             Slain by a gnoll
             ... wielding a +0 flail
              (3 damage)
             ... on level 1 of the Dungeon.
             The game lasted 00:01:03 (1032 turns).

MisterFreud the Twirler (Formicid Gladiator)        Turns: 1032, Time: 00:01:04

Health: -2/27      AC:  3    Str: 20    XL:     3   Next: 62%
Magic:  3/3        EV: 12    Int:  7    God:
Gold:   36         SH:  0    Dex: 15    Spells: 2/2 levels left

rFire   . . .      SeeInvis +   a - +0 quarterstaff
rCold   . . .      Faith    .   (no shield)
rNeg    . . .      Spirit   .   b - +0 leather armour
rPois   .          Reflect  .   (helmet unavailable)
rElec   .          Harm     .   (no cloak)
rCorr   .          Rampage  .   (no gloves)
Will    .....                   (no boots)
Stlth   +.........              (no amulet)
HPRegen 0.09/turn               (no ring)
MPRegen 0.08/turn               (no ring)

@: no status effects
A: permanent stasis, dig shafts and tunnels, antennae 3, four strong arms
a: Dig, Shaft Self


You were on level 1 of the Dungeon.
You visited 1 branch of the dungeon, and saw 2 of its levels.

You collected 36 gold pieces.

Inventory:

Hand Weapons
 a - a +0 quarterstaff (weapon)
Missiles
 c - 3 throwing nets (quivered)
 d - a javelin
 g - 6 poisoned darts
Armour
 b - a +0 leather armour (worn)
Scrolls
 f - a scroll of teleportation {unknown}


   Skills:
 - Level 2.1 Fighting
 + Level 4.4 Staves
 - Level 2.0 Throwing
 - Level 2.6 Dodging


You had 2 spell levels left.
You didn't know any spells.
Your spell library contained the following spells:

 Spells                   Type           Power      Damage    Failure   Level
 Spider Form              Tmut/Pois      0%         N/A       86%         3
 Hailstorm                Conj/Ice       0%         3d3       99%         4
 Ice Form                 Ice/Tmut       0%         N/A       99%         4
 Alistair's Intoxication  Tmut/Pois      0%         N/A       100%        5


Dungeon Overview and Level Annotations

Branches:
Dungeon (2/15)

Altars:


Innate Abilities, Weirdness & Mutations

You cannot be hasted, slowed, berserked, paralysed or teleported.
You can dig through walls and to a lower floor.
You have a pair of large antennae on your head. (SInv)
Your four strong arms can wield two-handed weapons with a shield.


Message History

A gnoll comes into view. It is wielding a +0 flail.
The bat hits you.
You hit the bat.
You kill the bat!
You barely miss the rat.
The gnoll shouts!
The rat bites you but does no damage.
You hit the rat but do no damage. The rat bites you.
You barely miss the rat. The rat barely misses you.
You hit the rat but do no damage. The rat bites you.
You barely miss the rat. The rat closely misses you.
You closely miss the rat. The rat bites you but does no damage.
You hit the gnoll.
The gnoll is moderately wounded.
The gnoll hits you with a +0 flail. The rat closely misses you.
You are too injured to fight recklessly!
You are too injured to fight recklessly!
You hit the gnoll.
The gnoll is heavily wounded.
The gnoll misses you. The rat barely misses you.
You closely miss the gnoll.
The gnoll is heavily wounded.
The gnoll hits you with a +0 flail!
* * * LOW HITPOINT WARNING * * *
The rat closely misses you. The gnoll misses you. The rat closely misses you.
You barely miss the gnoll.
The gnoll is heavily wounded.
The gnoll barely misses you. The rat bites you.
* * * LOW HITPOINT WARNING * * *
You completely miss the gnoll.
The gnoll is heavily wounded.
The rat closely misses you. The gnoll hits you with a +0 flail.
* * * LOW HITPOINT WARNING * * *
You aren't carrying any potions.
Unknown command.
Unknown command.
As you read the scroll labelled PATHRI TEFU, it crumbles to dust.
The scroll dissolves into smoke.
It was a scroll of fog.
The gnoll hits you with a +0 flail.
You die...

..# ..# .. .. .#
##.### .#####
##....##.....#
..#.............
..........§.....
#...§g§).....
##..§@§......
#...§§r......
...............
#...............
##..............
##.....##.....#
####### ######


You could see a gnoll and a rat.

Vanquished Creatures
  2 adders (D:2)
  A dart slug (D:2)
  3 ball pythons (D:2)
  A bat (D:1)
  An endoplasm (D:2)
  A goblin (D:2)
  4 jackals (D:2)
  A kobold (D:2)
  2 frilled lizards (D:2)
16 creatures vanquished.

Notes
Turn   | Place    | Note
-------+----------+-------------------------------------------
     0 | D:1      | MisterFreud the Formicid Gladiator began the quest for the
                  | Orb.
     0 | D:1      | Reached XP level 1. HP: 16/16 MP: 1/1
    55 | D:1      | You fall into a shaft and drop 1 floor!
   290 | D:2      | Reached XP level 2. HP: 7/22 MP: 2/2
   569 | D:2      | Reached skill level 4 in Staves
   569 | D:2      | Reached XP level 3. HP: 21/27 MP: 3/3
   877 | D:2      | Got Sif Muna's Cyclopedia of the Shivering Snake
  1031 | D:1      | HP: 1/27 [gnoll/+0 flail (5)]
  1032 | D:1      | Slain by a gnoll

Illustrated notes

Levels and vault maps discovered:
D:1:      lightli_iron_boxes, layout_rooms, serial_curves, eino_curves_02,
          eino_curves_01, nicolae_ecumenical_snake_handling
D:2:      layout_loops_ring, kennysheep_big_empty_room

Skill      XL: |  1  2 |
---------------+-------+-----
Staves         | 4 |  4.4
Fighting       | |  2.1
Throwing       | |  2.0
Dodging        | |  2.6

Action                   || total
-------------------------++-------
Melee: Quarterstaff      ||    55
 Abil: Shaft Self        ||     2
  Use: Scroll            ||     1
 Stab: Sleeping          ||     2
Armor: Leather armour    ||    14
Dodge: Dodged            ||    48
